 Dungeon Crawl Stone Soup version 0.29.1-13-g9f3cf754e1 (webtiles) character file.

Game seed: 11698911270126497989

16 Thatpatchoflichen the Trooper (level 2, -1/31 HPs)
             Began as an Ogre Gladiator on Jan 29, 2023.
             Slain by a jackal (2 damage)
             ... on level 1 of the Dungeon.
             The game lasted 00:01:15 (436 turns).

Thatpatchoflichen the Trooper (Ogre Gladiator)       Turns: 436, Time: 00:01:16

Health: -1/31      AC:  3    Str: 17    XL:     2   Next: 54%
Magic:  2/2        EV: 10    Int:  9    God:
Gold:   0          SH:  0    Dex: 10    Spells: 1/1 levels left

rFire   . . .      SeeInvis .   a - +0 quarterstaff
rCold   . . .      Faith    .   (shield currently unavailable)
rNeg    . . .      Spirit   .   b - +0 robe
rPois   .          Reflect  .   c - +0 hat
rElec   .          Harm     .   (no cloak)
rCorr   .          Rampage  .   (gloves unavailable)
Will    .....                   (boots unavailable)
Stlth   +.........              (no amulet)
HPRegen 0.10/turn               (no ring)
MPRegen 0.08/turn               (no ring)

@: no status effects
A: large, unfitting armour, tough skin 1
a: no special abilities


You were on level 1 of the Dungeon.
You visited 1 branch of the dungeon, and saw 1 of its levels.

Inventory:

Hand Weapons
 a - a +0 quarterstaff (weapon)
Missiles
 d - 3 throwing nets (quivered)
 e - a large rock
Armour
 b - a +0 robe (worn)
 c - a +0 hat (worn)
Magical Staves
 f - a staff of earth
Jewellery
 g - an amulet of guardian spirit


   Skills:
 + Level 3.3 Fighting
 + Level 3.2 Staves
 - Level 2.0 Throwing
 + Level 3.0 Dodging


You had one spell level left.
You didn't know any spells.
Your spell library was empty.

Dungeon Overview and Level Annotations

Branches:
Dungeon (1/15)

Altars:


Innate Abilities, Weirdness & Mutations

You are too large for most types of armour.
You have tough skin. (AC +1)


Message History

You kill the frilled lizard!
The quokka barely misses you.
Found a scroll labelled FUARAS KYZO.
The quokka bites you.
* * * LOW HITPOINT WARNING * * *
The endoplasm hits you but does no damage.
The goblin misses you. The quokka closely misses you.
A jackal comes into view.
Items here: ( ) †††.
You sock the endoplasm!
You kill the endoplasm!
A jackal comes into view.
The goblin completely misses you.
The jackal bites you but does no damage.
The quokka barely misses you.
The jackal barks!
You hit the goblin.
You kill the goblin!
You hear a bark!
The jackal closely misses you.
A jackal comes into view.
The quokka misses you. The goblin hits you but does no damage.
The jackal barely misses you. The quokka closely misses you.
You hear an angry hiss.
Your Dodging skill increases to level 3!
The goblin attacks as you move away! The goblin hits you with a +0 club.
* * * LOW HITPOINT WARNING * * *
The quokka barely misses you.
Things that are here:
a +0 club; a goblin corpse The goblin attacks as you move away!
The goblin barely misses you.
Found 8 stones.
The quokka closely misses you.
You closely miss the quokka.
The quokka bites you but does no damage.
The jackal bites you.
* * * LOW HITPOINT WARNING * * *
You barely miss the quokka. The quokka bites you.
* * * LOW HITPOINT WARNING * * *
The jackal bites you.
You die...

## #.# .##. (.. ....###
#?# ..#....#h.# ...
......h@#.######### ...
###...#r#......##.#
.... #.$#.#g.......##.#
....
#.....h................
#.###.).......##.#.$...
##)>...............
###.........##÷#
#..........###.#
.......#......# #)# .


You could see a quokka, 3 jackals and a goblin.

Vanquished Creatures
  2 ball pythons (D:1)
  2 endoplasms (D:1)
  A giant cockroach (D:1)
  A goblin (D:1)
  2 jackals (D:1)
  A quokka (D:1)
  2 frilled lizards (D:1)
  2 kobolds (D:1)
  2 rats (D:1)
15 creatures vanquished.

Notes
Turn   | Place    | Note
-------+----------+-------------------------------------------
     0 | D:1      | Thatpatchoflichen the Ogre Gladiator began the quest for
                  | the Orb.
     0 | D:1      | Reached XP level 1. HP: 22/22 MP: 1/1
   136 | D:1      | Reached XP level 2. HP: 9/31 MP: 2/2
   436 | D:1      | HP: 1/31 [quokka (2)]
   436 | D:1      | Slain by a jackal

Illustrated notes

Levels and vault maps discovered:
D:1:      minmay_arrival_loop, layout_rooms, minmay_pentomino_v4

Skill      XL: |  1  2 |
---------------+-------+-----
Fighting       | 3 |  3.3
Dodging        | 3 |  3.0
Staves         | |  3.2
Throwing       | |  2.0

Action                   || total
-------------------------++-------
Melee: Quarterstaff      ||    39
       Staff             ||     4
Armor: Robe              ||    26
Dodge: Dodged            ||    47
